 Dungeon Crawl Stone Soup version 0.30.0-29-ga12c61a403 (webtiles) character file.

Game seed: 16688926638416220230

137 qw the Chopper (level 5, -1/32 HPs)
             Began as a Gargoyle Fighter on June 3, 2023.
             Slain by Sigmund
             ... wielding a +0 scythe
              (4 damage)
             ... on level 3 of the Dungeon.
             The game lasted 00:00:57 (1794 turns).

qw the Chopper (Gargoyle Fighter)                   Turns: 1794, Time: 00:00:57

Health: -1/32      AC: 17    Str: 21    XL:     5   Next: 20%
Magic:  5/5        EV:  7    Int:  9    God:
Gold:   144        SH:  4    Dex:  9    Spells: 4/4 levels left

rFire   . . .        Y - +1 war axe
rCold   . . .        c - +0 buckler
rNeg    + . .        e - +0 chain mail
rPois   inf          l - +2 helmet
rElec   +            g - +0 cloak
rCorr   .            (no gloves)
SInv    .            (no boots)
Will    +....        k - amulet of faith Stlth
                     b - ring of willpower
HPRegen 0.25/turn    (no ring)
MPRegen 0.09/turn

%: faith
@: no status effects
A: sickness immunity, AC +4, negative energy resistance 1, electricity
resistance, torment resistance 1, petrification resistance
a: no special abilities


You were on level 3 of the Dungeon.
You visited 1 branch of the dungeon, and saw 3 of its levels.

You collected 144 gold pieces.


Innate Abilities, Weirdness & Mutations

You are immune to sickness and miasma.
Your stone body is resilient. (AC +4)
You are immune to poison.
You resist negative energy. (rN+)
You are resistant to electric shocks. (rElec)
You are resistant to unholy torment.
You are immune to petrification.


   Skills:
 - Level 3.2 Fighting
 + Level 4.7 Axes
 - Level 3.2 Armour
 - Level 3.2 Shields


You had 4 spell levels left.
You didn't know any spells.
Your spell library was empty.

Inventory:

Hand Weapons
 f - a +0 whip
 Y - a +1 war axe (weapon)
Missiles
 j - 5 boomerangs (quivered)
Armour
 c - a +0 buckler (worn)
 e - a +0 chain mail (worn)
 g - a +0 cloak (worn)
 l - a +2 helmet (worn)
Jewellery
 b - a ring of willpower (left hand)
 h - an amulet of guardian spirit
 k - an amulet of faith (around neck)
Scrolls
 a - a scroll of identify
Potions
 d - a potion of might
 i - a potion of attraction {unknown}

Dungeon Overview and Level Annotations

Branches:
Dungeon (3/15)

Altars:

Annotations:
D:3 Sigmund


Message History

You hit the hobgoblin.
The hobgoblin is lightly wounded.
The hobgoblin completely misses you.
You barely miss the hobgoblin.
The hobgoblin is lightly wounded.
The hobgoblin hits you but does no damage.
Sigmund says, "Your kind have come here before.
I understand now why.
You desire death..."
Sigmund barely misses you. The hobgoblin hits you.
You closely miss the hobgoblin.
Sigmund casts a spell.
Sigmund flickers and vanishes!
Deactivating autopickup; reactivate with Ctrl-A.
The hobgoblin completely misses you. Something hits you but does no damage.
You hit the hobgoblin.
The hobgoblin is lightly wounded.
You block the hobgoblin's attack.
You barely miss the hobgoblin.
The hobgoblin is lightly wounded.
The hobgoblin hits you but does no damage.
Something hits you but does no damage. The hobgoblin closely misses you.
You closely miss the hobgoblin.
The hobgoblin is lightly wounded.
Something hits you! The hobgoblin barely misses you.
You hit the hobgoblin.
The hobgoblin is almost dead.
You block the hobgoblin's attack. Something hits you but does no damage.
You slash the hobgoblin!
You kill the hobgoblin!
Something hits you.
You swing at nothing.
Something hits you but does no damage.
You swing at nothing.
You hear some strange, mumbled words.
A puff of flame appears from out of thin air!
The puff of flame hits you but does no damage.
You swing at nothing.
You block something's attack.
You swing at nothing.
Something hits you.
You die...

..........
..........##
...........# .
...........# ..
...........##...
..............
......{))).###
#......)@....##
#..$...<......#
###............#
...............#
#####...........
#...........
#...........
##..........
#.........


There were no monsters in sight!

Vanquished Creatures
  Jessica (D:2)
  An orc wizard (D:3)
  3 adders (D:2)
  A worm (D:2)
  3 dart slugs
  2 orcs (D:3)
  4 ball pythons
  2 bats
  4 endoplasms
  A giant cockroach (D:2)
  9 goblins
  5 hobgoblins
  5 kobolds
  2 quokkas (D:1)
  A frilled lizard (D:2)
  3 rats
47 creatures vanquished.

Notes
Turn   | Place    | Note
-------+----------+-------------------------------------------
     0 | D:1      | qw the Gargoyle Fighter began the quest for the Orb.
     0 | D:1      | Reached XP level 1. HP: 14/14 MP: 1/1
     0 | D:1      | 0 ||| qw: Version: 0.2-a-103-g5a998e5
     0 | D:1      | 0 ||| qw: Game counter: 1026
     0 | D:1      | 0 ||| qw: Always use a shield: true
     0 | D:1      | 0 ||| qw: God list: Okawaru
     0 | D:1      | 0 ||| qw: Allow faded altars: false
     0 | D:1      | 0 ||| qw: Do Orc after D:15 true
     0 | D:1      | 0 ||| qw: Do second Lair branch before Depths: true
     0 | D:1      | 0 ||| qw: Lair rune preference: random
     0 | D:1      | 0 ||| qw: Plans: Normal, Zot:1-4, Slime:5, God:TSO, Crypt,
                  | Tomb, Pan, Hells, Abyss, Win
     0 | D:1      | 0 ||| PLANNING D:1-11
    73 | D:1      | Reached skill level 2 in Axes
   102 | D:1      | 102 ||| Stepping ~*~*~tactically~*~*~ (hiding).
   103 | D:1      | 103 ||| Stepping ~*~*~tactically~*~*~ (hiding).
   104 | D:1      | 104 ||| Stepping ~*~*~tactically~*~*~ (hiding).
   105 | D:1      | 105 ||| Stepping ~*~*~tactically~*~*~ (hiding).
   382 | D:1      | 382 ||| Stepping ~*~*~tactically~*~*~ (stealth).
   393 | D:1      | 393 ||| Stepping ~*~*~tactically~*~*~ (stealth).
   397 | D:1      | Reached XP level 2. HP: 19/19 MP: 2/2
   480 | D:1      | 480 ||| Stepping ~*~*~tactically~*~*~ (stealth).
   689 | D:1      | 689 ||| Stepping ~*~*~tactically~*~*~ (hiding).
   702 | D:1      | Reached skill level 3 in Axes
   910 | D:1      | Reached XP level 3. HP: 23/23 MP: 3/3
   911 | D:1      | 911 ||| UPGRADING to +0 chain mail.
   921 | D:1      | 921 ||| DROPPING +0 scale mail.
   922 | D:1      | 922 ||| UPGRADING to +0 cloak.
   927 | D:1      | 927 ||| UPGRADING to +2 helmet.
   932 | D:1      | 932 ||| UPGRADING to amulet of guardian spirit.
   937 | D:1      | 937 ||| UPGRADING to amulet of faith.
   947 | D:1      | 947 ||| DROPPING +6 ring of intelligence.
   948 | D:1      | 948 ||| READING scroll labelled DENTOTISOP.
   963 | D:1      | 963 ||| READING scroll labelled JOUPYSHR QIOT.
  1072 | D:2      | 1072 ||| Stepping ~*~*~tactically~*~*~ (hiding).
  1074 | D:2      | 1074 ||| Stepping ~*~*~tactically~*~*~ (hiding).
  1270 | D:2      | Reached XP level 4. HP: 26/28 MP: 4/4
  1298 | D:2      | Noticed Jessica
  1304 | D:2      | Killed Jessica
  1305 | D:2      | Reached skill level 4 in Axes
  1743 | D:2      | 1743 ||| UPGRADING to ring of willpower.
  1744 | D:2      | 1744 ||| READING 2 scrolls labelled LORIONI WIMEH.
  1745 | D:2      | 1745 ||| READING scroll labelled ULIUL FOEK.
  1768 | D:3      | Noticed Sigmund
  1780 | D:3      | Reached XP level 5. HP: 13/32 MP: 5/5
  1788 | D:3      | HP: 5/32 [something (7)]
  1790 | D:3      | HP: 2/32 [something (4)]
  1794 | D:3      | Slain by Sigmund

Levels and vault maps discovered:
D:1:      lemuel_arrival_lava_pool, layout_basic, nrook_mini_vaults,
          grunt_decor_one_mirror
D:2:      layout_basic, uniq_jessica
D:3:      layout_rooms, reono_crystal_passage, uniq_sigmund

Skill      XL: |  1  2  3  4 |
---------------+-------------+-----
Axes           | 2 3 4 |  4.7
Fighting       | |  3.2
Armour         | |  3.2
Shields        | |  3.2

Action                     |  1- 3 |  4- 6 || total
---------------------------+-------+-------++-------
  Melee: War axe           |   107 |    34 ||   141
  Throw: Boomerang         |       |     9 ||     9
    Use: Scroll            |     2 |     2 ||     4
 Armour: Scale mail        |    26 |       ||    26
         Chain mail        |    34 |    31 ||    65
  Dodge: Dodged            |    37 |    17 ||    54
  Block: Buckler           |     9 |     8 ||    17

Table legend:
 A = Non-vault XP
 B = Vault XP
 C = Vault XP percentage of total XP
 D = Non-vault monster count
 E = Vault monster count
 F = Vault count percentage of total count
                 A         B        C        D         E       F
            +---------+---------+-------+---------+---------+-------
      Total |     160 |      37 |  18.8 |      46 |       1 |   2.1
            +---------+---------+-------+---------+---------+-------
        D:1 |      35 |       0 |   0.0 |      18 |       0 |   0.0
        D:2 |      79 |      37 |  31.9 |      22 |       1 |   4.3
        D:3 |      46 |       0 |   0.0 |       6 |       0 |   0.0
            +---------+---------+-------+---------+---------+-------
